cohdb
Replays
Latest Replays
All Replays
Popular Replays
Top Player Replays
Match Explorer
How It Works
Community
CoH3 Stats
Reddit
Sign in to upload your games and track your stats! →
Sign in with Steam
Match 46768813
Unlisted
Match 46768813
Overview
Messages
Build Orders
End
Scout Squad
Construct Barracks
Riflemen Squad
Selects Advanced Infantry Battlegroup
Selects Advanced Infantry Battlegroup
Scout Squad
Riflemen Squad
Grenade Package
Infantry Support Center
Selects Artillery Observers
Construct Weapon Support Center
M3 Armored Personnel Carrier
Construct Medical Station
Selects Convert to Ranger Squad
Riflemen Squad
M1918 Browning Automatic Rifles
Selects Designate Assault Position
Advanced Logistics
Bazooka Squad
M1 Mortar Team
Selects Infantry Assault
Infantry Assault
Survival Training
Survival Training
Dr. Jekyll
PutPut-AusarTheVile
WilllTHENOOBz
aSIIDemolitionHammer
0
0
Comments
sign in to comment!
No comments posted yet!